[Event "Titled Tuesday Blitz November 15 Early 2022"]
[White "Saya, Ethan"]
[Black "Atakhan, Abtin"]
[WhiteFideId "26095181"]
[BlackFideId "22502203"]
[WhiteElo "2162"]
[BlackElo "2298"]
[Result "0-1"]
[Round "01"]
[TimeControl "180+1"]
[Date "2022.11.16"]
[WhiteClock "0:00:11"]
[BlackClock "0:01:53"]

1. e4 c5 2. Nf3 d6 3. d4 cxd4 4. Qxd4 Nf6 5. Nc3 Nc6 6. Bb5 Bd7 7. Bxc6 bxc6 8. Bg5 e5 9. Qd3 h6 10. Bh4 g5 11. Bg3 Be7 12. Nd2 Be6 13. Nc4 Qc7 14. h4 g4 15. h5 Rd8 16. Ne3 d5 17. exd5 cxd5 18. Qb5+ Kf8 19. O-O-O Bc5 20. Bh4 Rb8 21. Qd3 e4 22. Qe2 Ba3 23. Bxf6 Bxb2+ 24. Kd2 d4 25. Bxd4 Rd8 26. Nb5 Rxd4+ 27. Nxd4 Qc3# 0-1


[Site "https://www.chess.com"]

[Event "Titled Tuesday Blitz November 15 Early 2022"]
[White "Schmakel, Sam"]
[Black "Shohat, Yotam"]
[WhiteFideId "2039311"]
[BlackFideId "2813955"]
[WhiteElo "2356"]
[BlackElo "2216"]
[Result "1-0"]
[Round "01"]
[TimeControl "180+1"]
[Date "2022.11.16"]
[WhiteClock "0:00:19"]
[BlackClock "0:00:05"]

1. d4 g6 2. c4 Nf6 3. f3 Nh5 4. Nh3 d5 5. Nf2 c6 6. e4 dxe4 7. fxe4 e5 8. Be3 exd4 9. Qxd4 Qxd4 10. Bxd4 Bg7 11. Bxg7 Nxg7 12. Nc3 O-O 13. O-O-O Na6 14. a3 Nc5 15. b4 Nce6 16. e5 a5 17. Kb2 axb4 18. axb4 Nf5 19. Nfe4 Kg7 20. Nd6 Ne3 21. Re1 Nxf1 22. Rhxf1 Nc7 23. Nce4 Be6 24. Nc5 b6 25. Nxe6+ Nxe6 26. Ra1 Rxa1 27. Rxa1 f6 28. Ra7+ Kh6 29. Re7 Nd4 30. e6 Nf5 31. Nxf5+ gxf5 32. Rc7 f4 33. Rxc6 Rg8 34. g3 fxg3 35. hxg3 Rxg3 36. e7 Re3 37. Rxf6+ Kg5 38. Rxb6 Rxe7 39. c5 h5 40. Rb8 Rh7 41. c6 h4 42. b5 h3 43. Ra8 h2 44. Ra1 h1=Q 45. Rxh1 Rxh1 46. c7 Rc1 47. Kxc1 1-0


[Site "https://www.chess.com"]

[Event "Titled Tuesday Blitz November 15 Early 2022"]
[White "Seemann, Jakub"]
[Black "Yu, Yangyi"]
[WhiteFideId "21874697"]
[BlackFideId "8603820"]
[WhiteElo "2275"]
[BlackElo "2808"]
[Result "0-1"]
[Round "01"]
[TimeControl "180+1"]
[Date "2022.11.15"]
[WhiteClock "0:00:24"]
[BlackClock "0:00:16"]

1. d4 Nf6 2. c4 e6 3. Nf3 d5 4. g3 Bb4+ 5. Bd2 Be7 6. Bg2 O-O 7. O-O c6 8. Qc2 a5 9. Nc3 dxc4 10. a4 Na6 11. Ne4 Nxe4 12. Qxe4 Nb4 13. Rfc1 Qd5 14. Qb1 b6 15. Ng5 Bxg5 16. Bxd5 Bxd2 17. Bxc4 Bxc1 18. Qxc1 Rd8 19. Qf4 Ra7 20. Rc1 Rad7 21. e3 Bb7 22. h4 h6 23. Kh2 c5 24. Bb5 Rd6 25. dxc5 bxc5 26. Rxc5 Nd5 27. Qe5 Nf6 28. Be2 Rd2 29. Qc7 R8d7 30. Qb8+ Kh7 31. Rc7 Rxe2 32. Rxd7 Ng4+ 33. Kh3 Nxf2+ 34. Kh2 Ng4+ 35. Kh3 Bf3 0-1


[Site "https://www.chess.com"]

[Event "Titled Tuesday Blitz November 15 Early 2022"]
[White "Seifert, Henryk"]
[Black "Aldokhin, Ivan"]
[WhiteFideId "1100963"]
[BlackFideId "24115720"]
[WhiteElo "2120"]
[BlackElo "2313"]
[Result "0-1"]
[Round "01"]
[TimeControl "180+1"]
[Date "2022.11.16"]
[WhiteClock "0:00:13"]
[BlackClock "0:00:16"]

1. d4 Nf6 2. Nf3 g6 3. Bf4 Bg7 4. e3 d6 5. h3 O-O 6. Be2 Nbd7 7. Bh2 b6 8. O-O Bb7 9. c4 c5 10. Nc3 Ne4 11. Nxe4 Bxe4 12. Qb3 Rc8 13. Nd2 Ba8 14. d5 a6 15. a4 Rb8 16. e4 Qc7 17. f4 Rbe8 18. Bg4 Bb7 19. Bxd7 Qxd7 20. f5 Bd4+ 21. Kh1 e6 22. fxg6 fxg6 23. Qxb6 e5 24. Qxd6 Qxd6 0-1


[Site "https://www.chess.com"]

[Event "Titled Tuesday Blitz November 15 Early 2022"]
[White "Shipov, Sergei"]
[Black "Deuer, Marius"]
[WhiteFideId "4113624"]
[BlackFideId "16236432"]
[WhiteElo "2778"]
[BlackElo "2226"]
[Result "1-0"]
[Round "01"]
[TimeControl "180+1"]
[Date "2022.11.16"]
[WhiteClock "0:00:11"]
[BlackClock "0:00:03"]

1. d4 Nf6 2. c4 e6 3. Nc3 c5 4. d5 exd5 5. cxd5 Bd6 6. g3 Bc7 7. d6 Ba5 8. Bg2 O-O 9. Nh3 Nc6 10. O-O Re8 11. Bg5 h6 12. Bh4 Bxc3 13. bxc3 b6 14. e4 g5 15. Nxg5 hxg5 16. Bxg5 Re6 17. f4 Qe8 18. e5 Nh7 19. Bh4 Bb7 20. Bd5 Na5 21. Qg4+ Kh8 22. c4 Rg6 23. Qf5 Bxd5 24. cxd5 Nc4 25. Rae1 b5 26. Kh1 Rb8 27. Be7 Rb6 28. Qd3 Rh6 29. f5 Qg8 30. e6 Nxd6 31. exd7 Nb7 32. Bh4 Nf6 33. Bxf6+ Rhxf6 34. Re8 Rbd6 35. Qc3 Rxd7 36. Qxf6+ 1-0


[Site "https://www.chess.com"]

[Event "Titled Tuesday Blitz November 15 Early 2022"]
[White "Shuvalova, Polina"]
[Black "Ravot, Sylvain"]
[WhiteFideId "24171760"]
[BlackFideId "627763"]
[WhiteElo "2342"]
[BlackElo "2195"]
[Result "0-1"]
[Round "01"]
[TimeControl "180+1"]
[Date "2022.11.16"]
[WhiteClock "0:00:05"]
[BlackClock "0:00:03"]

1. d4 Nf6 2. Nf3 g6 3. c4 Bg7 4. Nc3 d6 5. e4 O-O 6. Be2 e5 7. O-O Nc6 8. d5 Ne7 9. Bg5 h6 10. Bd2 Nd7 11. Ne1 f5 12. exf5 gxf5 13. g3 Nf6 14. Ng2 c6 15. dxc6 bxc6 16. f4 e4 17. Be3 Be6 18. Qd2 d5 19. Rad1 Kh7 20. Kh1 Qe8 21. Bd4 Qf7 22. Ne3 Rfd8 23. c5 a5 24. b3 Rdb8 25. Na4 Nc8 26. Qc3 Nd7 27. g4 Bxd4 28. Qxd4 Ne7 29. h3 Rb4 30. Qc3 Rg8 31. a3 Rbb8 32. Rf2 d4 33. Qxd4 Rxb3 34. gxf5 Nxf5 35. Nxf5 Rxh3+ 36. Rh2 Rxh2+ 37. Kxh2 Qxf5 38. Qe3 Nf6 39. Rg1 Nd5 40. Qb3 Rxg1 41. Kxg1 Qxf4 42. Nb6 Qg5+ 43. Kf2 Nf4 44. Qe3 Nh3+ 45. Qxh3 Bxh3 0-1


[Site "https://www.chess.com"]

[Event "Titled Tuesday Blitz November 15 Early 2022"]
[White "Sipila, Vilka"]
[Black "Grapsa, Georgia"]
[WhiteFideId "505455"]
[BlackFideId "4206436"]
[WhiteElo "2347"]
[BlackElo "1877"]
[Result "1-0"]
[Round "01"]
[TimeControl "180+1"]
[Date "2022.11.16"]
[WhiteClock "0:00:53"]
[BlackClock "0:00:07"]

1. d4 Nf6 2. Bf4 e6 3. e3 d5 4. Nf3 Be7 5. Nbd2 O-O 6. Bd3 b6 7. Ne5 c5 8. c3 Bb7 9. Qe2 Ne4 10. O-O-O f6 11. Nef3 Nd7 12. Bc2 Rc8 13. Nxe4 dxe4 14. Nd2 f5 15. dxc5 Rxc5 16. Nb3 Rc8 17. Nd4 Rf6 18. Bb3 Bd5 19. Bg5 Rg6 20. Bxe7 Qxe7 21. Nxf5 Qc5 22. Bxd5 exd5 23. Rxd5 Qf8 24. Rhd1 Nc5 25. g4 Nd3+ 26. Kb1 h5 27. f3 hxg4 28. fxe4 Nc5 29. Qc4 Kh7 30. Nd6 Rd8 31. Rh5+ Rh6 32. Rxh6+ Kxh6 33. e5 Qf3 34. Rf1 Qxe3 35. Nf7+ Kg6 36. Nxd8 Nd3 37. Qf7+ Kh6 38. Qe6+ Kh7 39. Qxg4 Qd2 40. Qh5+ Kg8 41. Rf8+ Kxf8 42. Qf7# 1-0


[Site "https://www.chess.com"]

[Event "Titled Tuesday Blitz November 15 Early 2022"]
[White "Skliarov, Viktor"]
[Black "Luxama, Jacques Muller"]
[WhiteFideId "14106736"]
[BlackFideId "11900113"]
[WhiteElo "2284"]
[BlackElo "1931"]
[Result "1-0"]
[Round "01"]
[TimeControl "180+1"]
[Date "2022.11.16"]
[WhiteClock "0:01:47"]
[BlackClock "0:02:17"]

1. e4 c5 2. Nf3 d6 3. d4 cxd4 4. Qxd4 Nf6 5. Nc3 a6 6. Be3 Nc6 7. Qd2 e6 8. O-O-O Qc7 9. Bf4 e5 10. Bg5 Ne7 11. Qxd6 Qxd6 12. Rxd6 Ng6 13. Rd1 Ng4 14. Rd8# 1-0


[Site "https://www.chess.com"]

[Event "Titled Tuesday Blitz November 15 Early 2022"]
[White "Slugin, Sergey"]
[Black "Lorenzo De La Riva, Lazaro"]
[WhiteFideId "4122569"]
[BlackFideId "2268809"]
[WhiteElo "2330"]
[BlackElo "2294"]
[Result "1-0"]
[Round "01"]
[TimeControl "180+1"]
[Date "2022.11.16"]
[WhiteClock "0:00:46"]
[BlackClock "0:00:02"]

1. Nf3 Nf6 2. g3 d5 3. Bg2 e6 4. O-O Be7 5. d4 O-O 6. c4 dxc4 7. Qc2 a6 8. a4 Bd7 9. Bg5 Bc6 10. a5 h6 11. Bxf6 Bxf6 12. Rd1 Nd7 13. Qxc4 Bxf3 14. Bxf3 Ne5 15. Qb3 Nxf3+ 16. Qxf3 c6 17. Qb3 Qd5 18. Ra3 Rfd8 19. e3 c5 20. Qxd5 Rxd5 21. Nc3 Rd7 22. dxc5 Rxd1+ 23. Nxd1 Rc8 24. Rb3 Rxc5 25. Rxb7 Rxa5 26. Kf1 Rb5 27. Rxb5 axb5 28. Ke2 Kf8 29. Kd3 Ke7 30. e4 g5 31. f4 gxf4 32. gxf4 e5 33. f5 Kd6 34. b4 Bh4 35. Nc3 Kc6 36. Ke2 Be7 37. Nd5 Bd6 38. Kf3 h5 39. Ke2 Bf8 40. Kd3 Kd6 41. Nf6 Kc6 42. Kc3 h4 43. Nd5 h3 44. Nf6 Bh6 45. Ng4 Bf4 46. Kd3 Kd6 47. Nf2 Bxh2 48. Nxh3 Bg3 49. Ng5 f6 50. Nf3 Bf4 51. Nh4 Bg5 52. Nf3 Bh6 53. Ng1 Bf8 54. Ne2 Kc6 55. Kc3 Kd6 56. Kb3 Kc6 57. Nc3 Bg7 58. Nd5 Kd6 59. Kc3 Kc6 60. Kd3 Kd6 61. Ke3 Bh6+ 62. Kf3 Bg5 63. Kg4 Kd7 64. Kh5 Ke8 65. Kg6 Kd7 66. Nxf6+ Bxf6 67. Kxf6 1-0


[Site "https://www.chess.com"]

[Event "Titled Tuesday Blitz November 15 Early 2022"]
[White "Smietanska, Wiktoria"]
[Black "Barria Zuniga, Daniel"]
[WhiteFideId "21869359"]
[BlackFideId "3400816"]
[WhiteElo "1695"]
[BlackElo "2414"]
[Result "1/2-1/2"]
[Round "01"]
[TimeControl "180+1"]
[Date "2022.11.16"]
[WhiteClock "0:00:03"]
[BlackClock "0:00:16"]

1. c4 g6 2. Nc3 Bg7 3. g3 e6 4. Bg2 Ne7 5. e4 c6 6. Nge2 O-O 7. O-O e5 8. d3 d6 9. f4 f6 10. Be3 Be6 11. Qd2 a6 12. h3 b5 13. b3 b4 14. Na4 c5 15. g4 Nbc6 16. f5 Bd7 17. Bh6 g5 18. Bxg7 Kxg7 19. h4 h6 20. hxg5 hxg5 21. Ng3 Be8 22. Kf2 Rh8 23. Rh1 Rxh1 24. Rxh1 Bf7 25. Qe1 Qc7 26. Qg1 Rh8 27. Rxh8 Kxh8 28. Qh2+ Kg7 29. Nh5+ Bxh5 30. Qxh5 Qd8 31. Bf3 Nd4 32. Bd1 Qc7 33. Qe8 Nec6 34. Qg6+ Kf8 35. Qxf6+ Ke8 36. Qxg5 Qh7 37. Kg2 Nd8 38. Nb6 Nf7 39. Qf6 Qg8 40. Nd5 Qg5 41. Qe6+ Kf8 42. Qc8+ Kg7 43. f6+ Kh7 44. Qf8 Qd2+ 45. Kg3 Qe1+ 46. Kg2 Qd2+ 47. Kg3 Qe1+ 48. Kg2 Qd2+ 1/2-1/2


[Site "https://www.chess.com"]

[Event "Titled Tuesday Blitz November 15 Early 2022"]
[White "Sowul, Bartosz"]
[Black "Tang, Andrew"]
[WhiteFideId "1137590"]
[BlackFideId "2059630"]
[WhiteElo "2188"]
[BlackElo "2581"]
[Result "0-1"]
[Round "01"]
[TimeControl "180+1"]
[Date "2022.11.16"]
[WhiteClock "0:00:01"]
[BlackClock "0:00:06"]

1. e4 b5 2. Bxb5 f5 3. exf5 c6 4. Bd3 Nf6 5. g4 Qc7 6. Be2 g6 7. g5 Nd5 8. fxg6 hxg6 9. Nf3 Bg7 10. d4 Bb7 11. Qd3 Kf7 12. a3 c5 13. Nc3 cxd4 14. Nb5 Qb6 15. Nbxd4 Na6 16. b4 Rac8 17. Bb2 Rhf8 18. O-O Kg8 19. Bc1 Rc3 20. Qe4 Nf4 21. Qxe7 Nxe2+ 22. Nxe2 Rcxf3 23. Ng3 Qc6 24. Bb2 R3f7 0-1


[Site "https://www.chess.com"]

[Event "Titled Tuesday Blitz November 15 Early 2022"]
[White "Stankovic, Ivan G"]
[Black "Concio, Michael Jr."]
[WhiteFideId "902837"]
[BlackFideId "5217873"]
[WhiteElo "2226"]
[BlackElo "2236"]
[Result "1-0"]
[Round "01"]
[TimeControl "180+1"]
[Date "2022.11.16"]
[WhiteClock "0:00:06"]
[BlackClock "0:00:05"]

1. e4 e5 2. d4 exd4 3. Qxd4 Nc6 4. Qe3 Qf6 5. Nc3 Bb4 6. Bd2 Nge7 7. O-O-O O-O 8. Nb5 Bxd2+ 9. Rxd2 a6 10. Nxc7 Rb8 11. f4 Nb4 12. a3 Qc6 13. axb4 Qxc7 14. e5 Nf5 15. Qc5 Qc6 16. Nf3 b6 17. Qxc6 dxc6 18. Bd3 Ne7 19. Be4 Bf5 20. Bxf5 Nxf5 21. g4 Ne3 22. h3 Rbd8 23. Nd4 Rc8 24. Re1 Nc4 25. Rd3 c5 26. bxc5 Rxc5 27. Nf5 g6 28. Nd6 Kg7 29. Ne4 Rc7 30. Nf6 b5 31. Red1 Rfc8 32. c3 g5 33. Nh5+ Kf8 34. Rd8+ Rxd8 35. Rxd8+ Ke7 36. Rh8 b4 37. b3 Ne3 38. c4 a5 39. Rxh7 gxf4 40. g5 Ke6 41. g6 fxg6 42. Nxf4+ Kxe5 43. Rxc7 Kxf4 44. Ra7 Nf5 45. Rxa5 Nd4 46. Kb2 Nf3 47. Rb5 Ng5 48. Rxb4 Nxh3 49. c5+ Ke5 50. Rc4 1-0


[Site "https://www.chess.com"]

[Event "Titled Tuesday Blitz November 15 Early 2022"]
[White "Svane, Rasmus"]
[Black "Kouskoutis, Georgios-Alexandros"]
[WhiteFideId "4657101"]
[BlackFideId "4234049"]
[WhiteElo "2674"]
[BlackElo "2187"]
[Result "1-0"]
[Round "01"]
[TimeControl "180+1"]
[Date "2022.11.15"]
[WhiteClock "0:01:18"]
[BlackClock "0:00:02"]

1. Nf3 d5 2. g3 Nc6 3. d4 Bg4 4. Bg2 Qd7 5. h3 Bxf3 6. exf3 e6 7. f4 O-O-O 8. c3 f5 9. Nd2 Nf6 10. Nf3 Kb8 11. O-O h6 12. Qd3 Bd6 13. b4 Rdg8 14. a4 Nd8 15. Ne5 Qe8 16. c4 g5 17. c5 Bxe5 18. fxe5 Ne4 19. b5 h5 20. b6 cxb6 21. cxb6 a6 22. Ba3 h4 23. g4 Nf7 24. f3 Ng3 25. Rfc1 Ka8 26. Rc7 Rh7 27. Rac1 Rgh8 28. a5 fxg4 29. Rxb7 1-0


[Site "https://www.chess.com"]

[Event "Titled Tuesday Blitz November 15 Early 2022"]
[White "Szyszylo, Rafal"]
[Black "Jobava, Baadur"]
[WhiteFideId "1109626"]
[BlackFideId "13601520"]
[WhiteElo "1981"]
[BlackElo "2582"]
[Result "0-1"]
[Round "01"]
[TimeControl "180+1"]
[Date "2022.11.15"]
[WhiteClock "0:00:04"]
[BlackClock "0:01:33"]

1. e4 c6 2. d4 d5 3. e5 Bf5 4. Nf3 e6 5. Be2 h6 6. O-O Ne7 7. Nbd2 Bh7 8. Re1 Ng6 9. Nf1 Be7 10. Ng3 O-O 11. Nh5 Nd7 12. Bd3 Re8 13. c3 Bf8 14. a4 c5 15. h3 Rc8 16. Be3 a6 17. Qb1 cxd4 18. cxd4 Bb4 19. Rd1 Ngf8 20. Nh2 Qh4 21. Ng3 Bxd3 22. Qxd3 Ng6 23. Nf3 Qd8 24. Nh5 Bf8 25. Qd2 Qb6 26. Rab1 Qb4 27. Qxb4 Bxb4 28. Rdc1 Ne7 29. Ng3 Nc6 30. Kf1 Na5 31. Bd2 Bxd2 32. Nxd2 Nb6 33. b3 Kf8 34. Ke2 Ke7 35. Kd3 Nc6 36. Ne2 Rc7 37. Ke3 Rec8 38. f4 a5 39. g4 Nd7 40. f5 Nb4 41. Rxc7 Rxc7 42. Rc1 Rxc1 43. Nxc1 Nb8 44. Nd3 Nc2+ 45. Kf2 Nxd4 46. fxe6 fxe6 47. Nc5 b6 48. Nb7 Ndc6 49. Nf3 Nd7 50. Nd6 Ncxe5 51. Nc8+ Kd8 52. Nxb6 Nxf3 53. Nxd7 Kxd7 54. Kxf3 e5 0-1


[Site "https://www.chess.com"]

[Event "Titled Tuesday Blitz November 15 Early 2022"]
[White "Taboas Rodriguez, Daniel"]
[Black "Cramling Bellon, Anna"]
[WhiteFideId "2208466"]
[BlackFideId "32009232"]
[WhiteElo "2329"]
[BlackElo "1972"]
[Result "1-0"]
[Round "01"]
[TimeControl "180+1"]
[Date "2022.11.16"]
[WhiteClock "0:00:26"]
[BlackClock "0:00:03"]

1. d4 Nf6 2. Nf3 d5 3. c4 e6 4. Nc3 c6 5. Bg5 Be7 6. e3 Nbd7 7. Bd3 dxc4 8. Bxc4 b5 9. Bd3 Bb7 10. O-O a6 11. Bxf6 Nxf6 12. Ne4 O-O 13. Rc1 Rc8 14. Nc5 Bxc5 15. Rxc5 Nd7 16. Rh5 g6 17. Rh3 c5 18. Bb1 cxd4 19. Nxd4 Ne5 20. b3 Qd5 21. f3 Rfd8 22. Qe1 Nc6 23. Qh4 h5 24. Be4 Qd6 25. Qg5 e5 26. Nxc6 Bxc6 27. Bxc6 Rxc6 28. Rxh5 f6 29. Qxg6+ Kf8 30. Rh8+ Ke7 31. Rh7+ Ke6 32. Qf7+ Kf5 33. Rh5# 1-0


[Site "https://www.chess.com"]

[Event "Titled Tuesday Blitz November 15 Early 2022"]
[White "Taichman, Ori"]
[Black "Martynenko, Ivan"]
[WhiteFideId "2804069"]
[BlackFideId "2053179"]
[WhiteElo "2234"]
[BlackElo "2171"]
[Result "0-1"]
[Round "01"]
[TimeControl "180+1"]
[Date "2022.11.16"]
[WhiteClock "0:00:37"]
[BlackClock "0:00:33"]

1. e4 c5 2. Nf3 d6 3. d4 cxd4 4. Nxd4 Nf6 5. Nc3 a6 6. Bg5 e6 7. f4 Be7 8. Qf3 Qc7 9. O-O-O O-O 10. g4 b5 11. Bh4 Bb7 12. g5 Nfd7 13. f5 b4 14. Nb1 Ne5 15. Qg3 Nbc6 16. fxe6 Nxd4 17. exf7+ Rxf7 18. Rxd4 Rc8 19. Bd3 Rf3 20. Rc4 Rxg3 21. Rxc7 Rxc7 22. Bxg3 Nxd3+ 23. Kd2 Nxb2 24. h4 Bxe4 25. Rc1 Nc4+ 26. Ke2 Rc8 27. Nd2 Nxd2 28. Kxd2 d5 29. Be5 h6 30. gxh6 gxh6 31. c3 Bxh4 32. Rg1+ Bg5+ 33. Bf4 bxc3+ 34. Kc1 Kf7 35. Bxg5 hxg5 36. Rxg5 c2 37. Rh5 Rb8 0-1


[Site "https://www.chess.com"]

[Event "Titled Tuesday Blitz November 15 Early 2022"]
[White "Talibov, Shiroghlan"]
[Black "Melaugh, Shane"]
[WhiteFideId "13429078"]
[BlackFideId "2509580"]
[WhiteElo "2261"]
[BlackElo "2025"]
[Result "1-0"]
[Round "01"]
[TimeControl "180+1"]
[Date "2022.11.16"]
[WhiteClock "0:01:54"]
[BlackClock "0:00:34"]

1. c4 e5 2. Nc3 Nc6 3. Nf3 f5 4. d4 e4 5. d5 exf3 6. dxc6 fxg2 7. cxd7+ Qxd7 8. Qxd7+ Bxd7 9. Bxg2 O-O-O 10. Bf4 Bb4 11. O-O-O Bxc3 12. bxc3 Nf6 13. e3 Ne4 14. Bxe4 fxe4 15. Rd4 Bf5 16. Rg1 g6 17. h4 h5 18. Rgd1 Rxd4 19. cxd4 b6 20. Kb2 Kd7 21. Kc3 c6 22. Rb1 Rc8 23. a4 c5 24. d5 Rf8 25. a5 bxa5 26. Rb7+ Ke8 27. Rxa7 Rf6 28. Rxa5 Bg4 29. Rxc5 g5 30. hxg5 Ra6 31. Kd4 Bf3 32. Rc8+ Kd7 33. Rc7+ Ke8 34. c5 Kf8 35. c6 Ke8 36. Rh7 Kf8 37. g6 Kg8 38. Rb7 1-0


[Site "https://www.chess.com"]

[Event "Titled Tuesday Blitz November 15 Early 2022"]
[White "Tasev, Dejan"]
[Black "Onslow, Alfie"]
[WhiteFideId "936618"]
[BlackFideId "436976"]
[WhiteElo "2256"]
[BlackElo "2015"]
[Result "1-0"]
[Round "01"]
[TimeControl "180+1"]
[Date "2022.11.16"]
[WhiteClock "0:00:44"]
[BlackClock "0:00:02"]

1. e4 g6 2. d4 Bg7 3. Nc3 c6 4. Nf3 d5 5. exd5 cxd5 6. h3 Nf6 7. Be3 O-O 8. Bd3 Nc6 9. a3 a6 10. Qd2 b5 11. Bh6 Na5 12. Bxg7 Kxg7 13. b3 Bb7 14. O-O Rc8 15. Ne2 Ne4 16. Qe3 e6 17. a4 b4 18. Nd2 Nc3 19. Ng3 Nc6 20. Nf3 Qb6 21. Nh5+ gxh5 22. Qg5+ Kh8 23. Qf6+ Kg8 24. Bxh7+ Kxh7 25. Ng5+ Kg8 26. Qh6 Ne2+ 27. Kh1 Rfe8 28. Qh7+ Kf8 29. Qxf7# 1-0


[Site "https://www.chess.com"]

[Event "Titled Tuesday Blitz November 15 Early 2022"]
[White "Ter-Sahakyan, Samvel"]
[Black "Chernomordik, Pavel"]
[WhiteFideId "13302531"]
[BlackFideId "2804530"]
[WhiteElo "2584"]
[BlackElo "2192"]
[Result "1-0"]
[Round "01"]
[TimeControl "180+1"]
[Date "2022.11.16"]
[WhiteClock "0:00:41"]
[BlackClock "0:00:03"]

1. d4 g6 2. e4 Bg7 3. Nc3 d6 4. Be3 a6 5. h4 h6 6. g4 Nf6 7. Be2 b5 8. Bf3 c6 9. a3 Nfd7 10. Nge2 Nb6 11. b3 N8d7 12. Qd2 Qc7 13. Rd1 Bb7 14. Bg2 O-O-O 15. d5 c5 16. Ng3 Ne5 17. f3 Nec4 18. bxc4 Nxc4 19. Qd3 Nb2 20. Qd2 Nxd1 21. Nxd1 e6 22. O-O exd5 23. exd5 Qe7 24. h5 Rde8 25. Bf2 Qf6 26. Ne4 Qe7 27. c4 f5 28. Ng3 fxg4 29. fxg4 Be5 30. hxg6 Ref8 31. Nf5 1-0


[Site "https://www.chess.com"]

[Event "Titled Tuesday Blitz November 15 Early 2022"]
[White "Thiel, Thomas"]
[Black "Migot, Tangi"]
[WhiteFideId "4615964"]
[BlackFideId "662445"]
[WhiteElo "2218"]
[BlackElo "2579"]
[Result "0-1"]
[Round "01"]
[TimeControl "180+1"]
[Date "2022.11.16"]
[WhiteClock "0:00:36"]
[BlackClock "0:00:52"]

1. e4 e5 2. Nf3 d6 3. d4 exd4 4. Nxd4 Nf6 5. Nc3 Be7 6. g3 O-O 7. Bg2 c6 8. O-O Re8 9. Re1 Bf8 10. h3 Nbd7 11. Nf5 Nc5 12. Qf3 d5 13. e5 Nfe4 14. Qf4 Ne6 15. Qg4 Kh8 16. Nxe4 dxe4 17. Bxe4 g6 18. Nh6 Bxh6 19. Bxh6 Ng7 20. Qf4 Qe7 21. Bg2 Bf5 22. Bg5 Qe6 23. Bf6 Kg8 24. Qh6 Nh5 25. g4 Bxg4 26. hxg4 Nxf6 27. exf6 Qxf6 28. g5 Qxb2 29. Rab1 Qxa2 30. Re7 Qxb1+ 0-1


[Site "https://www.chess.com"]

[Event "Titled Tuesday Blitz November 15 Early 2022"]
[White "Thorhallsson, Simon"]
[Black "Zemlyanskii, Ivan"]
[WhiteFideId "2310090"]
[BlackFideId "24249971"]
[WhiteElo "2109"]
[BlackElo "2107"]
[Result "0-1"]
[Round "01"]
[TimeControl "180+1"]
[Date "2022.11.16"]
[WhiteClock "0:00:23"]
[BlackClock "0:00:10"]

1. e4 c5 2. Nc3 a6 3. Nge2 d6 4. g3 Nf6 5. Bg2 e6 6. O-O Be7 7. f4 O-O 8. h3 Qc7 9. d3 Nc6 10. g4 b5 11. Ng3 Bb7 12. Nce2 Nd4 13. f5 d5 14. e5 Qxe5 15. Bf4 Nxe2+ 16. Nxe2 Qxb2 17. Rb1 Qa3 18. Ng3 Nd7 19. g5 e5 20. f6 exf4 21. fxe7 Rfe8 22. Nf5 Ne5 23. Qe2 Ng6 24. h4 Bc8 25. Nxg7 Rxe7 26. Qh5 Kxg7 27. Qh6+ Kg8 28. h5 Bf5 29. hxg6 Bxg6 30. Rxf4 Qxa2 31. Rbf1 Qxc2 32. Bxd5 Rae8 33. Rf6 Qxd3 34. Bc6 Qg3+ 35. Kh1 Be4+ 36. Bxe4 Rxe4 37. Rxf7 Rh4+ 38. Qxh4 Qxh4+ 39. Kg1 Qg3+ 40. Kh1 Qh4+ 41. Kg1 Qxg5+ 0-1


[Site "https://www.chess.com"]

[Event "Titled Tuesday Blitz November 15 Early 2022"]
[White "Timofeev, Artyom"]
[Black "Sreyas Payyappat"]
[WhiteFideId "4140419"]
[BlackFideId "46674969"]
[WhiteElo "2586"]
[BlackElo "2083"]
[Result "1-0"]
[Round "01"]
[TimeControl "180+1"]
[Date "2022.11.16"]
[WhiteClock "0:01:07"]
[BlackClock "0:00:01"]

1. d4 Nf6 2. Bf4 e6 3. Nc3 c5 4. e3 Nc6 5. Nf3 Qb6 6. Rb1 cxd4 7. exd4 Bb4 8. Bc4 d5 9. Bd3 Bd7 10. a3 Bxc3+ 11. bxc3 Qa5 12. O-O Qxc3 13. Rxb7 Qxa3 14. Ne5 Nxe5 15. Bxe5 Bc6 16. Rc7 Qa4 17. Qf3 Nd7 18. Bxg7 Rg8 19. Bh6 Kd8 20. Bf4 e5 21. Rxd7+ Bxd7 22. Bxe5 Be6 23. Bxh7 Rg4 24. h3 Kd7 25. hxg4 Rc8 26. Bf5 Qc4 27. Bxe6+ fxe6 28. Qf7+ Kc6 29. Qxe6+ Kb5 30. Rb1+ Ka5 31. Qd6 Qc3 32. Bf6 Qxc2 33. Bd8+ Rxd8 34. Qxd8+ Ka4 35. Qb8 Qc4 36. Qxa7+ Qa6 37. Qxa6# 1-0


[Site "https://www.chess.com"]

[Event "Titled Tuesday Blitz November 15 Early 2022"]
[White "Tregubov, Pavel V."]
[Black "Matveeva, Olga"]
[WhiteFideId "4115341"]
[BlackFideId "24107018"]
[WhiteElo "2448"]
[BlackElo "2055"]
[Result "0-1"]
[Round "01"]
[TimeControl "180+1"]
[Date "2022.11.16"]
[WhiteClock "0:00:06"]
[BlackClock "0:00:48"]

1. e4 e6 2. d4 d5 3. exd5 exd5 4. Nf3 Nf6 5. Bd3 c5 6. O-O c4 7. Re1+ Be7 8. Bf1 O-O 9. b3 cxb3 10. axb3 Bg4 11. h3 Bh5 12. g4 Bg6 13. Ne5 Nc6 14. Nxg6 hxg6 15. Bg2 Re8 16. Be3 Bd6 17. Nd2 Rc8 18. c3 Bb8 19. Nf1 Ne4 20. Qd3 Qd6 21. Rac1 a6 22. c4 Nb4 23. Qb1 f5 24. gxf5 gxf5 25. f3 Ng3 26. Nxg3 Qxg3 27. Qxf5 Rf8 28. Qg4 Qh2+ 29. Kf1 Nd3 30. Bh6 Rc7 31. cxd5 Nxc1 32. d6 Rcf7 33. Rxc1 Bxd6 34. Re1 Qg3 35. Qxg3 Bxg3 36. Bg5 Bxe1 37. Kxe1 Rxf3 38. Bxf3 Rxf3 39. d5 Rxb3 40. Ke2 Kf7 0-1


[Site "https://www.chess.com"]

[Event "Titled Tuesday Blitz November 15 Early 2022"]
[White "Trost, Edvin"]
[Black "Rose, Felix"]
[WhiteFideId "1729519"]
[BlackFideId "5105722"]
[WhiteElo "2247"]
[BlackElo "2039"]
[Result "1-0"]
[Round "01"]
[TimeControl "180+1"]
[Date "2022.11.16"]
[WhiteClock "0:01:19"]
[BlackClock "0:00:04"]

1. e4 c5 2. b3 g6 3. Bb2 Nf6 4. Bc4 Bg7 5. e5 Ne4 6. Qf3 Ng5 7. Qe3 Ne6 8. Bxe6 fxe6 9. Qxc5 O-O 10. Nf3 Nc6 11. O-O d6 12. Qe3 Qa5 13. d4 dxe5 14. dxe5 Rf5 15. Re1 Bd7 16. Nbd2 Raf8 17. a4 Qc7 18. Rad1 b6 19. Nf1 Nb4 20. Qd2 Nd5 21. Ne3 Rxf3 22. Nxd5 Qc5 23. gxf3 exd5 24. Qxd5+ Qxd5 25. Rxd5 Bc6 26. Rd3 Bxf3 27. Rd7 Rf5 28. Rd8+ Bf8 29. Re3 Rg5+ 30. Kf1 Bg2+ 31. Ke1 Bd5 32. Ba3 Rg1+ 33. Kd2 Be6 34. Bxe7 Kf7 35. Bxf8 1-0


[Site "https://www.chess.com"]

[Event "Titled Tuesday Blitz November 15 Early 2022"]
[White "Valle Maytin, Luis Enrique"]
[Black "Leiva, Gianmarco"]
[WhiteFideId "3503666"]
[BlackFideId "3804399"]
[WhiteElo "2225"]
[BlackElo "2286"]
[Result "1-0"]
[Round "01"]
[TimeControl "180+1"]
[Date "2022.11.16"]
[WhiteClock "0:00:10"]
[BlackClock "0:00:08"]

1. e4 c5 2. Nf3 d6 3. d4 cxd4 4. Nxd4 Nf6 5. Nc3 a6 6. Bg5 e6 7. f4 Be7 8. Qd2 h6 9. Bxf6 Bxf6 10. O-O-O Bd7 11. Be2 Nc6 12. Nb3 Be7 13. Bf3 Qc7 14. Kb1 b5 15. g4 g5 16. f5 Ne5 17. Bg2 Nc4 18. Qd4 Ne5 19. Rhf1 h5 20. h3 hxg4 21. hxg4 Rh2 22. Bf3 O-O-O 23. Be2 Kb8 24. Qe3 b4 25. Rd4 bxc3 26. Rb4+ Ka8 27. Bxa6 cxb2 28. Bb7+ Qxb7 29. Rxb7 Kxb7 30. Na5+ Ka6 31. Qa3 Kb6 32. Qb4+ Ka6 33. Nb3 Rc8 34. Qa5+ Kb7 35. Qb4+ Kc7 36. Qa5+ Kb7 37. Qb4+ Bb5 38. Qxb5+ Kc7 39. Qa5+ Kd7 40. Qa4+ Kd8 41. Nd4 Nc4 42. fxe6 Nd2+ 43. Kxb2 Nxf1 44. Qd7# 1-0


[Site "https://www.chess.com"]